 Dungeon Crawl Stone Soup version 0.26.1-2-gb8aa6d0cf2 (webtiles) character file.

Game seed: 7966354407586132583

609 windgrace the Covered (level 7, 0/64 HPs)
             Began as a Deep Dwarf Fighter on Feb 11, 2021.
             Killed by Freeze
             ... invoked by Forgeling's ghost
              (9 damage)
             ... on level 4 of the Dungeon.
             The game lasted 00:14:51 (2787 turns).

windgrace the Covered (Deep Dwarf Fighter)          Turns: 2787, Time: 00:14:52

Health: 0/64       AC: 11    Str: 22    XL:     7   Next: 19%
Magic:  5/5        EV:  6    Int:  8    God:
Gold:   224        SH: 10    Dex: 12    Spells: 6/6 levels left

rFire    + + .     SeeInvis .   u - +2 hand axe (vorpal)
rCold    . . .     Faith    .   c - +0 kite shield
rNeg     . . .     Spirit   .   r - +2 chain mail {rF+}
rPois    .         Reflect  .   (no helmet)
rElec    .         Harm     .   (no cloak)
rCorr    .         Rampage  .   (no gloves)
Will     +....                  (no boots)
Stlth    ..........             (no amulet)
HPRegen  0.00/turn              v - ring of protection from fire
MPRegen  0.09/turn              (no ring)

@: non-regenerating
A: damage resistance, heal wounds, sense surroundings 1, no regeneration
a: Heal Wounds


You were on level 4 of the Dungeon.
You visited 1 branch of the dungeon, and saw 4 of its levels.

You collected 224 gold pieces.

Inventory:

Hand Weapons
 a - a +0 war axe
 l - a +2 mace of protection
 u - a +2 vorpal hand axe (weapon)
 x - a +3 halberd of venom
Missiles
 g - 12 atropa-tipped darts
 p - 78 poisoned darts
Armour
 b - a +0 scale mail
 c - a +0 kite shield (worn)
 k - a +0 chain mail
 r - a +2 chain mail of fire resistance (worn)
Jewellery
 v - a ring of protection from fire (left hand)
Wands
 y - a wand of paralysis (8)
 z - a wand of disintegration (9)
Scrolls
 e - 3 scrolls of identify {unknown}
 f - 2 scrolls of teleportation {unknown}
 j - a scroll of noise {unknown}
 o - a scroll of immolation {unknown}
 t - a scroll of fog {unknown}
Potions
 d - a potion of might
 h - a potion of haste {unknown}
 i - 2 potions of cancellation {unknown}
 m - a potion of degeneration {unknown}
 q - a potion of berserk rage {unknown}
 s - a potion of brilliance {unknown}
 w - a potion of attraction {unknown}


   Skills:
 + Level 4.2 Fighting
 + Level 3.4(4.0) Axes
 - Level 2.9(3.5) Maces & Flails
 - Level 2.0 Throwing
 + Level 5.1 Armour
 + Level 5.0 Shields


You had 6 spell levels left.
You didn't know any spells.
Your spell library was empty.

Dungeon Overview and Level Annotations

Branches:
Dungeon (4/15)
 Temple: D:4-7

Altars:
Qazlal
Vehumet

Annotations:
D:4 1 transporter, Forgeling's ghost, novice BaIE


Innate Abilities, Weirdness & Mutations

You are resistant to damage.
You can heal yourself by infusing magical energy.
You passively map a small area around you.
You do not regenerate.


Message History

You feel much better.
Forgeling's ghost points at you and mumbles some strange words.
You are frozen.
You hit Forgeling's ghost but do no damage.
Forgeling's ghost is almost destroyed.
Forgeling's ghost gestures at you while chanting.
You are frozen.
You closely miss Forgeling's ghost.
Forgeling's ghost is almost destroyed.
You block Forgeling's ghost's attack.
You barely miss Forgeling's ghost.
Forgeling's ghost is almost destroyed.
Forgeling's ghost points at you and mumbles some strange words.
You are frozen.
* * * LOW HITPOINT WARNING * * *
You fail to use your ability.
You block Forgeling's ghost's attack.
You fail to use your ability.
Forgeling's ghost gestures at you while chanting.
You are frozen.
You die...

#.....................#
#.....................#
#..≈≈≈≈≈≈≈≈≈≈≈≈≈≈≈≈≈..#
#..≈≈≈≈≈≈≈≈≈≈≈≈≈≈≈≈≈..#
#..≈≈####.....####≈≈..#
#..≈≈#..#8###8#.[#≈≈..# #
#..≈≈##.###.###.##≈≈..######
##.≈≈#...........#≈≈........
#.≈≈###.##@##)###≈≈.#####..
#)≈≈..#.#$$W#.#..≈≈.# #..
#)≈≈.##.#...#.##.≈≈.# ###.
#.≈≈.#..#=:$#..#.≈≈.# #...
#.≈≈.##.#####.##.≈≈.# #...
#.≈≈..#.#8(8#.#.....####...
#.≈≈.©#.'.©.'.#©.)...##....
#.≈≈..#.#.).#.#..........##
#.≈≈.##.##.##.##.≈≈..#.....


You could see Forgeling's ghost.

Vanquished Creatures
  A black bear (D:2)
  A howler monkey (D:4)
  A bullfrog skeleton (D:4)
  An orc wizard (D:4)
  Jessica (D:3)
  An iguana (D:3)
  Terence (D:2)
  3 worker ants (D:4)
  14 gnolls
  5 adders
  2 worms
  3 dart slugs
  7 orcs
  4 giant cockroaches
  6 goblins
  7 hobgoblins
  3 jackals (D:2)
  2 quokkas (D:2)
  A ball python (D:2)
  7 bats
  9 frilled lizards
  11 kobolds
  4 rats (D:1)
95 creatures vanquished.

Vanquished Creatures (others)
  6 plants (D:4)
6 creatures vanquished.

Grand Total: 101 creatures vanquished

Notes
Turn   | Place    | Note
-------+----------+-------------------------------------------
     0 | D:1      | windgrace the Deep Dwarf Fighter began the quest for the
                  | Orb.
     0 | D:1      | Reached XP level 1. HP: 20/20 MP: 1/1
   173 | D:1      | Reached XP level 2. HP: 27/27 MP: 2/2
   961 | D:2      | Reached XP level 3. HP: 31/34 MP: 3/3
  1174 | D:2      | Noticed a black bear
  1186 | D:2      | Reached XP level 4. HP: 34/42 MP: 4/4
  1195 | D:2      | Killed a black bear
  1196 | D:2      | Reached skill level 1 in Maces & Flails
  1196 | D:2      | Reached skill level 1 in Throwing
  1196 | D:2      | Reached XP level 5. HP: 21/49 MP: 5/5
  1251 | D:2      | Noticed Terence
  1274 | D:2      | Killed Terence
  1538 | D:2      | Found a stormy altar of Qazlal.
  1540 | D:2      | Found a radiant altar of Vehumet.
  1646 | D:3      | Noticed Jessica
  1649 | D:3      | Killed Jessica
  1650 | D:3      | Reached XP level 6. HP: 43/56 MP: 6/6
  2645 | D:4      | Reached XP level 7. HP: 60/64 MP: 7/7
  2682 | D:4      | Found a transporter.
  2701 | D:4      | Found a transporter.
  2705 | D:4      | Paralysed by a gnoll for 5 turns
  2714 | D:4      | Reached skill level 5 in Armour
  2728 | D:4      | Reached skill level 5 in Shields
  2747 | D:4      | Noticed Forgeling's ghost (novice BaIE)
  2787 | D:4      | Killed from afar by Forgeling's ghost

Illustrated notes

Levels and vault maps discovered:
D:1:      dpeg_arrival_oval, layout_loops_corners
D:2:      layout_rooms, minitemple, uniq_terence
D:3:      layout_loops_ring, uniq_jessica
D:4:      layout_cave_pools, gammafunk_ghost_gnarly_gnolls

Skill      XL: |  1  2  3  4  5  6  7 |
---------------+----------------------+-----
Fighting       | 3 4 |  4.2
Maces & Flails | 1 2 |  2.9
Throwing       | 1 2 |  2.0
Armour         | 4 5 |  5.1
Shields        | 4 5 |  5.0
Axes           | 3 |  3.4

Action                   |  1- 3 |  4- 6 |  7- 9 || total
-------------------------+-------+-------+-------++-------
Melee: War axe           |    94 |       |       ||    94
       Mace              |     4 |   170 |       ||   174
       Hand axe          |       |    32 |    46 ||    78
 Abil: Heal Wounds       |       |     2 |     3 ||     5
  Use: Potion            |       |       |     2 ||     2
Armor: Scale mail        |    44 |       |       ||    44
       Chain mail        |     2 |   112 |    22 ||   136
Dodge: Dodged            |    40 |    32 |    11 ||    83
Block: Kite shield       |    62 |    96 |    27 ||   185
